 Dungeon Crawl Stone Soup version 0.30-a0-715-gdb4ae3ece1 (webtiles) character file.

Game seed: 16358928932512281226

1 PyroL the Magician (level 1, 0/15 HPs)
             Began as a Djinni Air Elementalist on Jan 23, 2023.
             Slain by a quokka (1 damage)
             ... on level 1 of the Dungeon.
             The game lasted 00:00:12 (60 turns).

PyroL the Magician (Djinni Air Elementalist)          Turns: 60, Time: 00:00:12

Health: 0/15       AC:  2    Str:  7    XL:     1   Next: 22%
Gold:   0          EV: 12    Int: 16    God:
                   SH:  0    Dex: 13

rFire   + + .      SeeInvis .    (no weapon)
rCold   x . .      Faith    .    (no shield)
rNeg    . . .      Spirit   .    a - +0 robe
rPois   ∞          Reflect  .    (no helmet)
rElec   .          Harm     .    (no cloak)
rCorr   .          Rampage  .    (no gloves)
Will    .....                    (boots unavailable)
Stlth   ++                       (no amulet)
HPRegen 0.22/turn                (no ring)
MPRegen 0.00/turn                (no ring)

@: flying
A: sickness immunity, fire resistance 2, cold vulnerability 1, float, innate
caster, HP casting, extra vitality 1
a: no special abilities


You were on level 1 of the Dungeon.
You visited 1 branch of the dungeon, and saw 1 of its levels.

Inventory:

Armour
 a - a +0 robe (worn)
Scrolls
 c - a scroll of poison {unknown}
Potions
 b - a potion of magic


   Skills:
 + Level 2.2 Dodging
 + Level 1.6 Stealth
 + Level 2.4 Spellcasting


You couldn't memorise any spells.
You knew the following spells:

 Your Spells              Type           Power      Damage    Failure   Level
a - Shock                 Conj/Air       36%        1d5       8%          1
b - Static Discharge      Conj/Air       18%        2-3/arc   11%         2
c - Swiftness             Air            9%         N/A       22%         3
d - Airstrike             Air            4%         2d(1-17)  58%         4
Your spell library was empty.

Dungeon Overview and Level Annotations

Branches:
Dungeon (1/15)

Altars:


Innate Abilities, Weirdness & Mutations

You are immune to sickness and miasma.
You are immune to poison.
Your flesh is very heat resistant. (rF++)
You are vulnerable to cold. (rC-)
You float through the air rather than walking.
You learn spells naturally, not from books.
Your magical power is your life essence.
You have superior vitality. (+4 MHP)


Message History

A hobgoblin is nearby!
The zap hits the hobgoblin.
The hobgoblin is severely wounded.
The zap hits the hobgoblin.
You kill the hobgoblin!
HP restored.
You see here a hobgoblin corpse.
c - a scroll labelled LEAT JAOCS A quokka comes into view.
The zap hits the quokka.
The quokka is lightly wounded.
The quokka bites you.
The zap hits the quokka.
The quokka is moderately wounded.
The quokka twitches its whiskers.
The quokka closely misses you.
The zap misses the quokka.
The quokka bites you.
The zap misses the quokka.
The quokka bites you.
* * * LOW HITPOINT WARNING * * *
The quokka bites you.
* * * LOW HITPOINT WARNING * * *
You are too injured to fight recklessly!
You closely miss the quokka.
The quokka is moderately wounded.
The quokka closely misses you.
You are too injured to fight recklessly!
Casting: Shock (safe; 8% risk of failure)
Confirm with . or Enter, or press ? or * to list all spells.
You don't have enough health to cast this spell.
Unknown command.
Casting: Shock (safe; 8% risk of failure)
Confirm with . or Enter, or press ? or * to list all spells.
Aiming: Shock (safe; 8% risk of failure)
Press: ? - help, Shift-Dir - straight line, f/p - quokka
Aim: a quokka (moderately wounded, 56% to hit)
The zap hits the quokka.
The quokka is heavily wounded.
* * * LOW HITPOINT WARNING * * *
The quokka bites you.
You die...

.#.. ... #.. #.. #+#
#.# #.# #.#
##.######## #.#
#....@r...# ####.####
##...#####.# #.......#
#.....# .#
..##.##.####...#####.#
#.##......†...........
#.#####.####..######.#
#.# #.# #..... .# #.#
#.# #....... .# #..
..# ##.#####


You could see a quokka.

Vanquished Creatures
  A hobgoblin (D:1)
1 creature vanquished.

Notes
Turn   | Place    | Note
-------+----------+-------------------------------------------
     0 | D:1      | PyroL the Djinni Air Elementalist began the quest for the
                  | Orb.
     0 | D:1      | PyroL set off with the following spells memorised: Shock,
                  | Static Discharge, Swiftness, Airstrike.
     0 | D:1      | Reached XP level 1. HP: 15/15 MP: 0/0
    60 | D:1      | Slain by a quokka

Illustrated notes

Levels and vault maps discovered:
D:1:      minmay_arrival_shattered_statue, layout_loops_corners,
          serial_bayou_lagoon_a, chequers_serial_rivers_small_a,
          wad_floor_pattern_2

Action                     || total
---------------------------++-------
  Melee: Unarmed           ||     1
   Cast: Shock             ||     8
  Dodge: Dodged            ||     2

Table legend: (Time is in decaauts)
 A = Elapsed time spent in this place.
 B = Non-inter-level travel time spent in this place.
 C = Inter-level travel time spent in this place.
 D = Time resting spent in this place.
 E = Time spent auto-exploring this place.
 F = Levels seen in this place.
 G = Mean time per level.
                   A        B        C        D        E       F      G
               +--------+--------+--------+--------+--------+-----+--------+
         Total |     60 |     60 |      0 |      0 |     45 |   1 |   60.0 |
       Dungeon |     60 |     60 |      0 |      0 |     45 |   1 |   60.0 |
               +--------+--------+--------+--------+--------+-----+--------+

Top non-repeatable levels by time:
     D:1: 60 daAuts
